 Dungeon Crawl Stone Soup version 0.24-a0-307-gf989941d98 (webtiles) character file.

Game seed: 6846900324797828607

16 D1HalberdGnoll the Skirmisher (level 2, -1/39 HPs)
             Began as a Draconian Abyssal Knight on May 12, 2019.
             Was a Follower of Lugonu.
             Succumbed to a kobold's poison
             ... on level 1 of the Dungeon.
             The game lasted 00:00:39 (468 turns).

D1HalberdGnoll the Skirmisher (DrAK)                 Turns: 468, Time: 00:00:40

Health: -1/39      AC: 21    Str: 14    XL:     2   Next: 41%
Magic:  3/3        EV:  2    Int: 12    God:    Lugonu [*.....]
Gold:   9          SH:  3    Dex: 10    Spells: 1/1 levels left

rFire    . . .     SeeInvis .   a - +1 falchion
rCold    . . .     Gourm    .   f - +0 buckler
rNeg     + + +     Faith    .   (armour unavailable)
rPois    +         Spirit   .   (helmet currently unavailable)
rElec    .         Reflect  .   (cloak currently unavailable)
rCorr    .         Harm     .   (gloves currently unavailable)
MR       .....     NoTele   +   (boots currently unavailable)
Stlth    +.........             (no amulet)
HPRegen  0.13/turn              (no ring)
MPRegen  0.08/turn              (no ring)

@: lethally poisoned (-1 -> -15), tree-form
A: unfitting armour, AC +4
a: Depart the Abyss, Renounce Religion


You were on level 1 of the Dungeon.
You worshipped Lugonu.
Lugonu was aware of your devotion.
You were not hungry.
You were a tree.
You visited 1 branch of the dungeon, and saw 1 of its levels.
You visited the Abyss 1 time.

You collected 9 gold pieces.

Inventory:

Hand Weapons
 a - a +1 falchion (weapon)
 h - a +0 dagger of venom
Armour
 f - a +0 buckler (worn)
Jewellery
 e - an uncursed ring of flight {unknown}
Scrolls
 c - 3 scrolls of identify {unknown}
 g - 2 scrolls of teleportation {unknown}
Comestibles
 b - a ration


   Skills:
 + Level 3.4 Fighting
 * Level 2.4 Long Blades
 + Level 2.3 Dodging
 + Level 0.2 Shields
 + Level 2.2 Invocations


You had one spell level left.
You didn't know any spells.
Your spell library was empty.

Dungeon Overview and Level Annotations

Branches:
Dungeon (1/15)

Altars:


Innate Abilities, Weirdness & Mutations

((Your plain brown scales are hard. (AC +4)))
You cannot fit into any form of body armour.
((You are cold-blooded and may be slowed by cold attacks.))


Message History

You cannot move.
You closely miss the bat.
* * * LOW HITPOINT WARNING * * *
You feel sick. The bat hits you but does no damage.
There is a lethal amount of poison in your body!
You cannot move.
* * * LOW HITPOINT WARNING * * *
You feel sick. The bat hits you but does no damage.
* * * LOW HITPOINT WARNING * * *
You feel sick. The bat hits you but does no damage.
You cannot move.
You cannot move.
* * * LOW HITPOINT WARNING * * *
You feel sick. The bat hits you but does no damage.
You cannot move.
You cannot move.
You closely miss the bat.
* * * LOW HITPOINT WARNING * * *
You feel sick. The bat hits you but does no damage.
You die...

#.######.####
#. #........#
#.########
### #.# ....
#.# #### #.#
.. ###$# ##
##..†##.# ..
#...♣...# .#
#.....###
#....b#
#..##.. #..
(.. #.# ....
#. ..... #.
.....#


You could see a bat.

Vanquished Creatures
  A dart slug (D:1)
  A leopard gecko (D:1)
  2 bats (D:1)
  A goblin (D:1)
  2 hobgoblins (D:1)
  2 kobolds (D:1)
  4 rats (D:1)
13 creatures vanquished.

Notes
Turn   | Place    | Note
-------+----------+-------------------------------------------
     0 | Abyss:1  | D1HalberdGnoll the Draconian Abyssal Knight began the quest
                  | for the Orb.
     0 | Abyss:1  | Reached XP level 1. HP: 19/19 MP: 2/2
     5 | Abyss:1  | Noticed a sky beast
     8 | D:1      | Escaped the Abyss
   236 | D:1      | Reached XP level 2. HP: 26/26 MP: 3/3
   453 | D:1      | Reached * piety under Lugonu
   467 | D:1      | HP: 1/39 [poisoned by a kobold]
   468 | D:1      | Succumbed to a kobold's poison

Levels and vault maps discovered:
D:1:      psy_arrival_radial02, layout_basic

Action                   || total
-------------------------++-------
Melee: Falchion          ||    44
       Tailslap          ||     5
Invok: Depart the Abyss  ||     1
  Use: Potion            ||     1
Armor: Skin              ||    19
Dodge: Dodged            ||    20
Block: Buckler           ||     6
       Rpst.: Falchion   ||     4

Table legend:
 A = Non-vault XP
 B = Vault XP
 C = Vault XP percentage of total XP
 D = Non-vault monster count
 E = Vault monster count
 F = Vault count percentage of total count
                 A         B        C        D         E       F
            +---------+---------+-------+---------+---------+-------
      Total |      24 |       0 |   0.0 |      13 |       0 |   0.0
            +---------+---------+-------+---------+---------+-------
        D:1 |      24 |       0 |   0.0 |      13 |       0 |   0.0
            +---------+---------+-------+---------+---------+-------
